Map: Fields of Shazir

Players

hiimanti

  • Race: Terran Terran
  • League: Diamond
  • Spawn Location: 9:00

Mojho

  • Race: Zerg Zerg
  • Spawn Location: 9:00

IIIIIIII

  • Race: Protoss Protoss
  • Spawn Location: 7:00

Loken - Winner!

  • Race: Protoss Protoss
  • League: Platinum
  • Spawn Location: 5:00

Myran - Winner!

  • Race: Protoss Protoss
  • Spawn Location: 3:00

dallaskuken - Winner!

  • Race: Protoss Protoss
  • League: Platinum
  • Spawn Location: 3:00

VOD

Have the link to the VOD?

Description

Time

  • Played on: April 4, 2017, 3:55 p.m.
  • Length: 8:28
Show
View Real Time Build Order
Export as new Build Order

hiimanti Terran 

Build Orders:  

Get SALT Encoding   

  12  0:01  SCV  
  13  0:13  SCV  
  14  0:17  Supply Depot  
  14  0:25  SCV  
  15  0:39  SCV  
  15  0:42  Barracks  
  16  0:47  Refinery  
  16  0:51  SCV  
  17  1:05  SCV  
  18  1:17  SCV  
  19  1:31  Reaper  
  21  1:56  Command Center  
  21  1:57  Refinery  
  21  1:59  Orbital Command  
  20  2:02  Supply Depot  
  20  2:22  Barracks Reactor  
  18  2:51  Orbital Command  
  18  2:59  Marine  
  18  3:00  Marine  
  20  3:17  Marine  
Show
View Real Time Build Order
Export as new Build Order

Mojho Zerg 

Build Orders: Pool First, Muta Ling Bane, Zergling Baneling 

Get SALT Encoding   

  12  0:03  Drone  
  13  0:12  Drone  
  14  0:14  Overlord  
  14  0:29  Spawning Pool  
  14  0:30  Drone  
  14  0:36  Drone x2  
  14  0:40  Extractor  
  15  0:54  Drone  
  16  0:57  Hatchery  
  15  1:05  Drone  
  16  1:19  Zergling x4  
  18  1:26  Extractor  
  17  1:34  Queen  
  17  1:36  Baneling Nest, Overlord  
  18  1:46  Evolution Chamber  
  17  1:53  Zergling x2  
  17  1:54  Zergling x2  
  19  2:07  Zergling x2  
  20  2:09  Evolution Chamber  
  20  2:12  Queen  
  20  2:15  Drone x2  
  25  2:20  Lair  
  23  2:28  Zergling x2  
  23  2:29  Zergling x2  
  25  2:43  Metabolic Boost  
  25  2:49  Queen  
  27  2:58  Drone  
  27  2:59  Drone x6  
  27  3:00  Drone  
  27  3:05  Extractor  
  34  3:17  Baneling x3, Extractor  
  34  3:19  Centrifical Hooks  
  33  3:22  Zerg Melee Weapons Level 1  
  33  3:25  Drone x2  
  33  3:26  Drone  
  36  3:33  Overlord  
  36  3:34  Overlord x4  
  36  3:46  Spine Crawler  
  35  3:49  Spine Crawler  
  35  3:50  Zergling x4  
  36  4:07  Zergling x12  
  42  4:13  Baneling  
  42  4:14  Baneling x14  
  42  4:16  Zergling x2  
  42  4:17  Zergling x4  
  45  4:28  Zerg Ground Armor Level 1  
  45  4:33  Drone  
  45  4:34  Drone x5  
  51  5:03  Zergling x2  
  51  5:04  Zergling x14  
  59  5:08  Spire  
  59  5:11  Zergling x2  
  59  5:25  Baneling x2  
  59  5:26  Baneling  
  59  5:27  Baneling  
  58  5:36  Spine Crawler  
  58  5:42  Zergling x10  
  60  5:49  Zergling x4  
  61  5:56  Zergling x4  
  57  6:16  Zergling x10  
  54  6:28  Spore Crawler  
  54  6:29  Spore Crawler  
  52  6:35  Baneling x3  
  52  6:36  Baneling  
  52  6:40  Drone  
  53  7:01  Spore Crawler  
  52  7:02  Spore Crawler  
  52  7:03  Spore Crawler  
  52  7:05  Drone  
  51  7:15  Drone x2  
  53  7:21  Drone  
  54  7:25  Baneling x2  
  47  7:46  Mutalisk  
  47  7:47  Corruptor  
  37  8:09  Zergling x2  
  37  8:10  Zergling x4  
Show
View Real Time Build Order
Export as new Build Order

IIIIIIII Protoss 

Build Orders:  

Get SALT Encoding   

  12  0:26  Probe (Chrono Boost)  
  13  0:36  Probe (Chrono Boost)  
  13  0:38  Pylon  
  14  0:47  Probe (Chrono Boost)  
  15  0:57  Probe (Chrono Boost)  
  16  1:05  Gateway  
  17  1:18  Probe (Chrono Boost)  
  17  1:29  Probe (Chrono Boost)  
  18  2:05  Cybernetics Core  
  18  2:07  Assimilator  
  18  2:14  Assimilator  
  18  2:15  Probe (Chrono Boost)  
  19  2:16  Zealot  
  21  2:25  Probe (Chrono Boost)  
  22  2:56  Pylon  
  22  3:14  Stalker  
  24  3:44  Stalker  
Show
View Real Time Build Order
Export as new Build Order

Loken Protoss - Winner!

Build Orders:  

Get SALT Encoding   

  12  0:01  Probe (Chrono Boost)  
  13  0:12  Probe (Chrono Boost)  
  14  0:22  Probe (Chrono Boost)  
  15  0:32  Pylon  
  15  0:45  Pylon  
  15  0:51  Probe (Chrono Boost)  
  15  0:52  Forge  
  16  1:01  Probe (Chrono Boost)  
  17  1:15  Gateway, Probe (Chrono Boost)  
  19  1:25  Probe (Chrono Boost)  
  19  1:31  Pylon  
  19  1:42  Pylon  
  19  1:50  Photon Cannon  
  19  1:51  Photon Cannon  
  19  1:54  Pylon  
  19  2:16  Photon Cannon  
  19  2:17  Photon Cannon  
  19  2:37  Photon Cannon  
  19  2:39  Photon Cannon  
  19  2:43  Photon Cannon  
  19  2:54  Pylon  
  19  2:58  Pylon  
  19  3:01  Probe (Chrono Boost)  
  20  3:15  Pylon  
  20  3:36  Photon Cannon  
  20  3:38  Photon Cannon  
  20  3:39  Photon Cannon  
  20  3:45  Pylon  
  20  3:52  Photon Cannon  
  20  4:03  Photon Cannon  
  20  4:09  Photon Cannon  
  20  4:18  Photon Cannon  
  20  4:28  Photon Cannon  
  20  4:35  Probe (Chrono Boost)  
  21  4:46  Probe (Chrono Boost)  
  21  4:51  Photon Cannon  
  22  4:56  Probe (Chrono Boost)  
  23  5:17  Nexus  
  23  5:22  Probe (Chrono Boost)  
  24  5:33  Probe (Chrono Boost)  
  24  5:40  Nexus  
  24  5:56  Pylon  
  24  5:57  Photon Cannon  
  24  6:01  Photon Cannon  
  24  6:24  Probe (Chrono Boost)  
  25  6:30  Probe (Chrono Boost)  
  26  6:35  Probe (Chrono Boost)  
  27  6:41  Assimilator, Probe (Chrono Boost)  
  27  6:45  Assimilator, Probe (Chrono Boost)  
  29  6:49  Cybernetics Core  
  29  6:51  Probe (Chrono Boost)  
  29  6:53  Probe (Chrono Boost)  
  31  6:56  Probe (Chrono Boost)  
  32  7:02  Probe (Chrono Boost)  
  32  7:04  Probe (Chrono Boost)  
  32  7:06  Probe (Chrono Boost)  
  35  7:13  Probe (Chrono Boost)  
  35  7:14  Probe (Chrono Boost)  
  37  7:17  Probe (Chrono Boost)  
  38  7:23  Probe (Chrono Boost)  
  38  7:24  Assimilator  
  38  7:25  Probe (Chrono Boost)  
  38  7:27  Probe (Chrono Boost)  
  38  7:28  Assimilator  
  41  7:34  Probe (Chrono Boost)  
  41  7:35  Probe (Chrono Boost)  
  43  7:38  Probe (Chrono Boost)  
  44  7:44  Probe (Chrono Boost)  
  44  7:46  Assimilator, Probe (Chrono Boost)  
  44  7:48  Probe (Chrono Boost)  
  44  7:50  Assimilator  
  47  7:55  Probe (Chrono Boost)  
  47  7:56  Probe (Chrono Boost)  
  49  7:59  Probe (Chrono Boost)  
  51  8:05  Probe (Chrono Boost)  
  51  8:07  Probe (Chrono Boost)  
  51  8:09  Probe (Chrono Boost)  
  53  8:16  Probe (Chrono Boost)  
  53  8:17  Probe (Chrono Boost)  
  55  8:22  Twilight Council  
  56  8:26  Pylon  
Show
View Real Time Build Order
Export as new Build Order

Myran Protoss - Winner!

Build Orders:  

Get SALT Encoding   

  12  0:02  Probe (Chrono Boost)  
  13  0:13  Probe (Chrono Boost)  
  14  0:20  Pylon  
  14  0:33  Probe (Chrono Boost)  
  15  0:44  Probe (Chrono Boost)  
  15  0:47  Gateway  
  16  0:55  Probe (Chrono Boost)  
  16  0:56  Assimilator  
  17  1:01  Assimilator  
  17  1:05  Probe (Chrono Boost)  
  18  1:12  Pylon  
  18  1:16  Probe (Chrono Boost)  
  19  1:26  Probe (Chrono Boost)  
  20  1:37  Cybernetics Core, Zealot, Probe (Chrono Boost)  
  23  1:47  Probe (Chrono Boost)  
  24  1:58  Probe (Chrono Boost)  
  25  2:12  Nexus  
  25  2:15  Probe (Chrono Boost)  
  26  2:38  Stargate  
  26  2:40  Pylon  
  26  2:42  Probe (Chrono Boost)  
  27  2:52  Pylon  
  27  2:55  Probe (Chrono Boost)  
  28  3:10  Forge  
  28  3:14  Probe (Chrono Boost)  
  29  3:21  Void Ray  
  29  3:26  Probe (Chrono Boost)  
  34  3:38  Probe (Chrono Boost)  
  36  3:50  Probe (Chrono Boost)  
  36  3:51  Probe (Chrono Boost)  
  37  3:56  Assimilator  
  37  4:00  Void Ray  
  37  4:01  Assimilator  
  37  4:02  Probe x2 (Chrono Boost)  
  39  4:05  Stargate  
  43  4:23  Probe (Chrono Boost)  
  44  4:24  Probe (Chrono Boost)  
  44  4:31  Protoss Air Weapons Level 1  
  45  4:35  Probe x2 (Chrono Boost)  
  47  4:39  Photon Cannon  
  48  4:45  Probe (Chrono Boost)  
  48  4:47  Probe (Chrono Boost)  
  48  4:49  Void Ray  
  49  4:55  Void Ray  
  57  5:06  Probe (Chrono Boost)  
  58  5:16  Probe (Chrono Boost)  
  59  5:39  Pylon  
  59  5:44  Pylon  
  59  5:46  Pylon  
  59  5:52  Void Ray  
  59  5:57  Void Ray  
  65  6:29  Void Ray  
  65  6:33  Photon Cannon  
  65  6:35  Pylon  
  65  6:37  Pylon  
  69  6:40  Void Ray  
  73  7:00  Fleet Beacon  
  73  7:04  Stargate  
  73  7:06  Void Ray  
  73  7:09  Pylon  
  73  7:14  Pylon  
  77  7:23  Void Ray  
  81  7:43  Void Ray  
Show
View Real Time Build Order
Export as new Build Order

dallaskuken Protoss - Winner!

Build Orders:  

Get SALT Encoding   

  12  0:26  Probe (Chrono Boost)  
  13  0:28  Pylon  
  13  0:39  Probe (Chrono Boost)  
  14  0:47  Gateway  
  14  0:49  Gateway, Probe (Chrono Boost)  
  15  0:57  Assimilator  
  15  1:00  Probe (Chrono Boost)  
  16  1:10  Probe (Chrono Boost)  
  17  1:21  Probe (Chrono Boost)  
  18  1:31  Probe (Chrono Boost)  
  19  1:33  Cybernetics Core  
  19  1:40  Assimilator  
  19  1:42  Probe (Chrono Boost)  
  19  1:45  Pylon  
  20  1:52  Probe (Chrono Boost)  
  21  2:03  Probe (Chrono Boost)  
  21  2:04  Warp Gate  
  22  2:12  Stalker x2  
  22  2:14  Probe (Chrono Boost)  
  27  2:22  Pylon  
  27  2:25  Probe (Chrono Boost)  
  28  2:44  Mothership Core (Chrono Boost), Stalker  
  30  2:50  Stalker  
  34  3:15  Stalker  
  34  3:19  Stalker  
  38  4:36  Pylon  
  38  4:38  Pylon  
  38  4:41  Robotics Facility  
  38  4:54  Stalker x2  
  42  5:24  Stalker x2  
  36  5:57  Immortal  
  36  6:13  Gateway  
  36  6:17  Gateway  
  36  6:22  Gateway  
  36  6:27  Pylon  
  36  6:29  Pylon  
  36  6:36  Immortal  
  40  6:41  Zealot x2  
  44  6:48  Twilight Council  
  44  7:17  Stalker x4  
  44  7:18  Stalker  
  54  7:32  Immortal  
  58  7:40  Zealot x2  
  58  7:41  Zealot x3  
Tags
 
Add a new tag
Caveats
  • Supply blocks, unpowered buildings, or Contaminate may cause inaccurate times.
  • Supply counts are checked every 10 seconds.